 Dungeon Crawl Stone Soup version 0.25-a0-663-gace7076f2c (webtiles) character file.

Game seed: 11801739336696646955, levelgen mode: deterministic

154 DasRunzen the Slasher (level 4, -1/37 HPs)
             Began as a Demigod Gladiator on Mar 25, 2020.
             Slain by an orc
             ... wielding a +0 trident
              (4 damage)
             ... on level 2 of the Dungeon.
             The game lasted 00:04:02 (2087 turns).

DasRunzen the Slasher (Demigod Gladiator)           Turns: 2087, Time: 00:04:02

Health: -1/37      AC:  5    Str: 17    XL:     4   Next: 89%
Magic:  8/8        EV: 13    Int: 14    God:
Gold:   211        SH:  0    Dex: 17    Spells: 5/5 levels left

rFire    + + .     SeeInvis .   a - +0 long sword
rCold    + . .     Gourm    .   (no shield)
rNeg     + . .     Faith    .   b - +0 leather armour
rPois    .         Spirit   .   c - +1 helmet
rElec    .         Reflect  .   k - scarf {rC+ rF+}
rCorr    .         Harm     .   (no gloves)
MR       .....                  (no boots)
Stlth    +.........             (no amulet)
HPRegen  0.12/turn              g - ring of positive energy
MPRegen  0.11/turn              i - ring of protection from fire

@: starving
A: high mp 1
a: no special abilities


You were on level 2 of the Dungeon.
You were starving.

You visited 1 branch of the dungeon, and saw 3 of its levels.

You collected 211 gold pieces.

Inventory:

Hand Weapons
 a - a +0 long sword (weapon)
Missiles
 d - 3 throwing nets (quivered)
Armour
 b - a +0 leather armour (worn)
 c - a +1 helmet (worn)
 k - a scarf of resistance (worn)
Jewellery
 g - a ring of positive energy (left hand)
 i - a ring of protection from fire (right hand)
Scrolls
 j - 2 scrolls of magic mapping
 m - a scroll of fear {unknown}
 n - a scroll of identify
Potions
 e - 2 potions of curing
 h - 2 potions of flight
 l - a potion of berserk rage {unknown}
Comestibles
 f - 5 rations


   Skills:
 + Level 2.6 Fighting
 + Level 3.4 Long Blades
 - Level 1.7 Throwing
 + Level 1.7 Armour
 + Level 3.3 Dodging
 + Level 1.4 Spellcasting


You had 5 spell levels left.
You didn't know any spells.
Your spell library was empty.

Dungeon Overview and Level Annotations

Branches:
Dungeon (3/15)


Innate Abilities, Weirdness & Mutations

You have an increased reservoir of magic. (+10% MP)


Message History

You climb upwards.
There is a stone staircase leading down here.
You slash the orc!
You kill the orc!
n - a scroll of identify You see here a +0 flail.
There is a stone staircase leading down here.
You climb downwards.
The orc closely misses you. The orc hits you with a +0 trident.
* * * LOW HITPOINT WARNING * * *
The orc hits you with a +0 trident.
* * * LOW HITPOINT WARNING * * *
The orc misses you.
There is a stone staircase leading up, spattered with blood here.
You climb upwards.
There is a stone staircase leading down here.
You barely miss the orc. The orc closely misses you.
The orc hits you but does no damage.
You closely miss the orc. The orc hits you with a +0 trident.
You die...

..........###.........###☼°§##...
..#.#####.# #.........########...
..#.### #.###.....(...########'''
......# #........................
......# ###......<....###########
......# #.........#.###########
......# #................#.....
.÷#.### #.........#.####.......
..#.#### #.....@)..#............
..#....# ##....o....#######......
..####.###..........# ##.....
.<####..............# #.....
.###..............<.# #.....
....................# ######
[..................##
............>.....##
....###############


You could see an orc.

Vanquished Creatures
  An orc wizard (D:3)
  5 adders
  3 dart slugs (D:1)
  3 leopard geckos
  2 orcs
  10 bats
  2 giant cockroaches (D:3)
  11 goblins
  6 hobgoblins
  8 jackals
  A quokka (D:3)
  8 frilled lizards
  3 kobolds
  4 rats
67 creatures vanquished.

Vanquished Creatures (others)
  12 toadstools (D:3)
12 creatures vanquished.

Grand Total: 79 creatures vanquished

Notes
Turn   | Place    | Note
-------+----------+-------------------------------------------
     0 | D:1      | DasRunzen the Demigod Gladiator began the quest for the
                  | Orb.
     0 | D:1      | Reached XP level 1. HP: 17/17 MP: 3/3
   160 | D:1      | Reached XP level 2. HP: 24/24 MP: 4/4
   444 | D:1      | Reached XP level 3. HP: 25/29 MP: 6/6
   462 | D:1      | Reached skill level 1 in Armour
   956 | D:2      | Reached skill level 1 in Spellcasting
  1015 | D:2      | Found a sparkling altar of Nemelex Xobeh.
  1432 | D:3      | Reached XP level 4. HP: 19/37 MP: 8/8
  2087 | D:2      | Slain by an orc

Levels and vault maps discovered:
D:1:      dpeg_arrival_more_subterranean_lakeside_camping, layout_basic
D:2:      layout_rooms, nemelex_altar_shiori
D:3:      cheibrodos_fertilizer, layout_basic

Skill      XL: |  1  2  3 |
---------------+----------+-----
Fighting       | 2 |  2.6
Long Blades    | 3 |  3.4
Armour         | 1 |  1.7
Dodging        | 3 |  3.3
Spellcasting   | 1 |  1.4
Throwing       | |  1.7

Action                   |  1- 3 |  4- 6 || total
-------------------------+-------+-------++-------
Melee: Long sword        |   111 |    63 ||   174
  Use: Scroll            |     6 |       ||     6
  Eat: Chunk             |     1 |     1 ||     2
Armor: Leather armour    |    50 |    17 ||    67
Dodge: Dodged            |   102 |    70 ||   172
       Rpst.: Long sword |    29 |    21 ||    50

Table legend:
 A = Non-vault XP
 B = Vault XP
 C = Vault XP percentage of total XP
 D = Non-vault monster count
 E = Vault monster count
 F = Vault count percentage of total count
                 A         B        C        D         E       F
            +---------+---------+-------+---------+---------+-------
      Total |     221 |       0 |   0.0 |      67 |       0 |   0.0
            +---------+---------+-------+---------+---------+-------
        D:1 |      58 |       0 |   0.0 |      28 |       0 |   0.0
        D:2 |      39 |       0 |   0.0 |      16 |       0 |   0.0
        D:3 |     124 |       0 |   0.0 |      23 |       0 |   0.0
            +---------+---------+-------+---------+---------+-------
